 Dungeon Crawl Stone Soup version 0.30-a0-924-g0ad0bf95bc (webtiles) character file.

Game seed: 6787690960092978903

89021 theswoord the Fencer (level 15, -1/154 HPs)
             Began as a Gargoyle Berserker on Mar 22, 2023.
             Was the Champion of Trog.
             Slain by an orc knight
             ... wielding a +2 dire flail
              (23 damage)
             ... on level 2 of the Orcish Mines.
             The game lasted 00:39:55 (19700 turns).

theswoord the Fencer (Gargoyle Berserker)          Turns: 19700, Time: 00:39:56

Health: -1/154     AC: 34    Str: 28    XL:     15   Next: 95%
Magic:  0/25       EV:  8    Int: 13    God:    Trog [******]
Gold:   1854       SH:  0    Dex:  9    Spells: 14/14 levels left

rFire   + . .      SeeInvis .    W - +11 plutonium sword {Contam Stlth-}
rCold   + + .      Faith    .    (shield currently unavailable)
rNeg    + . .      Spirit   +    Z - +1 plate armour {rC+}
rPois   ∞          Reflect  .    O - +3 hat of Pondering {ponderous, Will+ MP+10 Int+5}
rElec   +          Rampage  .    A - scarf {rC+ rF+}
rCorr   .                        K - +1 pair of gloves
Will    ++++.                    e - +2 pair of boots Stlth
                                 y - amulet of guardian spirit
HPRegen 1.45/turn                g - +4 ring of slaying
MPRegen 0.19/turn                M - +4 ring of protection

@: berserking (expiring), marked, strong-willed, corroded, flying, regenerating,
very quick
A: sickness immunity, AC +11, big wings, negative energy resistance 1,
electricity resistance, torment resistance 1, petrification resistance
a: Renounce Religion, Berserk, Trog's Hand, Brothers in Arms


You were on level 2 of the Orcish Mines.
You worshipped Trog.
Trog was exalted by your worship.
You visited 3 branches of the dungeon, and saw 20 of its levels.
You visited the Abyss 1 time.
You also visited: Ice Cave.

You collected 1854 gold pieces.

Inventory:

Hand Weapons
 a - a +0 spear of protection
 l - the +7 Throatcutter {drain, coup de grace}
   (You found it on level 2 of the Dungeon)
 S - a +1 heavy demon trident
 W - the +11 plutonium sword (weapon) {Contam Stlth-}
   (Trog gifted it to you on level 5 of the Lair of Beasts)

   Contam:    It causes magical contamination when unequipped.
   Stlth:     It makes you less stealthy.
Armour
 e - a +2 pair of boots (worn)
 n - a +1 cloak
 A - a scarf of resistance (worn)
 E - +0 fire dragon scales
 K - a +1 pair of gloves (worn)
 O - the +3 hat of Pondering (worn) {ponderous, Will+ MP+10 Int+5}
   (You took it off Gastronok on level 1 of the Lair of Beasts)

   Int:       It affects your intelligence (+5).
   MP:        It affects your magic capacity (+10).
   Will:      It increases your willpower.
 Z - a +1 plate armour of cold resistance (worn)
Jewellery
 g - a +4 ring of slaying (left hand)
 j - a ring of ice
 y - an amulet of guardian spirit (around neck)
 M - a +4 ring of protection (right hand)
 T - a ring of magical power
 V - a ring of see invisible
Wands
 p - a wand of digging (9)
 B - a wand of quicksilver (10)
 J - a wand of charming (15)
 P - a wand of iceblast (5)
Scrolls
 b - 2 scrolls of silence
 k - 3 scrolls of enchant weapon
 o - a scroll of brand weapon
 t - 4 scrolls of fear
 u - a scroll of fog
 v - 8 scrolls of teleportation
 w - a scroll of blinking
 z - 2 scrolls of butterflies
 F - 4 scrolls of magic mapping
 H - 3 scrolls of enchant armour
 L - 3 scrolls of vulnerability
 U - 4 scrolls of immolation
Potions
 c - 3 potions of mutation
 d - 7 potions of curing
 f - 6 potions of heal wounds
 h - 3 potions of brilliance
 i - 4 potions of cancellation
 m - 6 potions of flight
 q - 2 potions of might
 r - 5 potions of attraction
 s - 3 potions of degeneration
 x - 2 potions of ambrosia
 D - 2 potions of haste {unknown}
 G - 2 potions of berserk rage {unknown}
 N - 3 potions of magic
 X - 3 potions of invisibility


   Skills:
 + Level 15.1 Fighting
 * Level 18.5 Long Blades
 - Level 4.0 Polearms
 + Level 14.9 Armour
 - Level 1.5 Dodging


You had 14 spell levels left.
You didn't know any spells.
Your spell library was empty.

Dungeon Overview and Level Annotations

Branches:
Dungeon (13/15)            Temple (0/1) D:7            Lair (5/5) D:10
 Shoals (0/4) Lair:3        Snake (0/4) Lair:2        Slime (0/5) Lair:5
    Orc (2/2) D:10          IceCv (visited)
    Elf: Orc:2       Vaults: D:13-14

Altars:
Ashenzari
Uskayaw

Shops:
D:3 (   D:5 *   D:6 (   D:10 :   D:12 (   Orc:2 *

Annotations:
D:8 1 runed translucent door, UltraNumeron's ghost, novice MiFi
Lair:2 2 transporters, x1te's ghost, journeyman MiFi


Innate Abilities, Weirdness & Mutations

You are immune to sickness and miasma.
Your stone body is resilient. (AC +11)
You are immune to poison.
Your large and strong wings let you fly.
You resist negative energy. (rN+)
You are resistant to electric shocks. (rElec)
You are resistant to unholy torment.
You are immune to petrification.


Message History

* * * LOW HITPOINT WARNING * * *
The orc warrior barely misses you. The orc closely misses you.
The orc warrior hits you from afar with a +0 glaive!
* * * LOW HITPOINT WARNING * * *
You slice the orc knight!!
Unknown command.
You slice the orc knight!!
The orc warrior hits you but does no damage.
The orc hits you but does no damage. x3
The orc warrior hits you but does no damage.
The orc warrior hits you with a +0 war axe.
* * * LOW HITPOINT WARNING * * *
The orc high priest hits you but does no damage.
The orc warrior hits you but does no damage.
Something hits you but does no damage.
The orc high priest performs a strange gesture.
The orc knight misses you.
You closely miss the orc warrior.
The orc warrior hits you but does no damage.
The orc hits you but does no damage.
The orc high priest hits you from afar with a +0 halberd!
* * * LOW HITPOINT WARNING * * *
The orc knight barely misses you.
The orc warrior hits you but does no damage.
The orc warrior completely misses you. The rust devil hits you.
The rust devil corrodes you!
The orc warrior hits you but does no damage.
You are too berserk!
You closely miss the orc warrior. You slice the orc knight!!
The orc no longer looks unusually strong. x2
The rust devil hits you. The rust devil corrodes you!
The orc warrior hits you but does no damage. x2
The orc sorcerer casts a spell.
The orc high priest hits you but does no damage.
The orc warrior complains noisily.
The orc warrior hits you from afar with a +0 glaive!
* * * LOW HITPOINT WARNING * * *
The orc knight hits you with a +2 dire flail!!
You die...

................ .# ..........
..................<..............
...)..[))..........#....#........
......[.[........##.5..##........
........<)........#55............
..................#o3............
#.....).........o.o#..o.......#..
......[.......oo3..#..#.o..†.....
..............3o@oo.......)...#..
.............o#oo4o..............
.......).....4oooo..........$....
...............o4................
...............4.....)).)........
.P......#...........)..))........
.................)...............
...P...........#.)...............
.................#...#..........


You could see 2 orc knights, a soul eater (summoned), 3 orc high priests, a sun
demon (summoned), an orange demon (summoned), 3 rust devils, a ynoxinul
(summoned), an orc sorcerer (strong), 6 orc warriors, 5 orcs and 3 ufetubi.

Vanquished Creatures
  Kirke (D:12)
  Gastronok (Lair:1)
  The ghost of Twiddyhohoho the Peltast, a journeyman TrMo of Gozag (Orc:1)
  An emperor scorpion (Lair:5)
  An orc warlord (Orc:1)
  A reaper (IceCv)
  A bunyip (D:13)
  A fire dragon (D:13)
  3 hydras
  4 centaur warriors (D:13)
  Erica (D:11)
  3 catoblepae
  3 boulder beetles
  2 tengu warriors (D:13)
  A deep troll shaman (Lair:5)
  13 death yaks
  2 thrashing horrors (Abyss:1)
  2 orc high priests (Orc:2)
  Sonja (Lair:1)
  A deep elf knight (D:13)
  Amaemon (Lair:1)
  3 skysharks
  Pikel (D:4)
  5 ugly things
  3 deep elf pyromancers
  An orc knight (Orc:1)
  An oklob plant (Lair:3)
  An orc sorcerer (Orc:2)
  2 cyclopes (D:13)
  A manticore (D:12)
  11 elephants
  A large abomination (Abyss:1)
  An orange demon (Lair:1)
  5 black mambas
  A guardian serpent (D:13)
  An unseen horror (D:12)
  2 ice statues (IceCv)
  2 gargoyles
  Maggie (D:7)
  2 kobold demonologists (D:9)
  11 cane toads
  2 rime drakes (D:13)
  11 komodo dragons
  5 ice devils (IceCv)
  5 anaconda simulacra (IceCv)
  10 trolls
  A wind drake (D:13)
  Prince Ribbit (D:7)
  A silent spectre (Abyss:1)
  A hornet (D:5)
  2 meliai
  6 polar bears
  Grinder (D:6)
  4 blink frogs (Lair:1)
  17 dream sheep
  An air elemental (Abyss:1)
  A centaur simulacrum (D:13)
  3 wyverns
  A slime creature (D:13)
  3 dire elephant simulacra (IceCv)
  Sigmund (D:6)
  5 wraiths
  A ynoxinul (Abyss:1)
  56 yaks
  3 basilisks
  7 vampire mosquitoes (D:13)
  A steam dragon (D:8)
  A chaos spawn (Abyss:1)
  2 hogs (D:12)
  Edmund (D:5)
  A harpy simulacrum (IceCv)
  2 wargs
  3 nagas (Lair:2)
  A hydra simulacrum (IceCv)
  2 acid dragons
  15 water moccasins
  2 sky beasts
  26 orc warriors
  A hornet zombie (D:7)
  2 small abominations (Abyss:1)
  3 ice beasts
  9 ogres
  21 wolves
  5 centaurs
  A kobold brigand (D:8)
  Blork the orc (D:6)
  9 bullfrogs
  A gnoll sergeant (D:10)
  3 scorpions
  A two-headed ogre simulacrum (IceCv)
  5 wights
  An elephant simulacrum (IceCv)
  9 killer bees
  4 howler monkeys
  A bullfrog zombie (D:7)
  A centaur zombie (D:7)
  12 orc priests
  6 hounds
  11 jellies
  2 sleepcaps
  Jessica (D:3)
  7 iguanas
  Natasha (D:4)
  27 orc wizards
  2 wolf simulacra (IceCv)
  A howler monkey zombie (D:7)
  13 adders
  7 gnolls
  2 river rats (D:6)
  4 white imps
  3 ufetubi
  2 worms
  2 dart slugs
  57 orcs
  6 endoplasms
  6 giant cockroaches
  11 goblins
  6 hobgoblins
  4 jackals (D:1)
  14 kobolds
  5 quokkas
  11 ball pythons
  9 bats
  3 frilled lizards
  6 rats
626 creatures vanquished.

Vanquished Creatures (collateral kills)
  2 hydras (D:13)
  A boulder beetle (D:13)
  A cyclops (D:13)
  A moth of wrath (shapeshifter) (D:13)
  A basilisk (shapeshifter) (D:13)
  A centaur (D:13)
7 creatures vanquished.

Vanquished Creatures (others)
  A human (D:12)
  An orc (Orc:2)
  26 fungi
  36 plants
64 creatures vanquished.

Grand Total: 697 creatures vanquished

Notes
Turn   | Place    | Note
-------+----------+-------------------------------------------
     0 | D:1      | theswoord the Gargoyle Berserker began the quest for the
                  | Orb.
     0 | D:1      | Reached XP level 1. HP: 14/14 MP: 1/1
   181 | D:1      | Reached XP level 2. HP: 14/19 MP: 2/2
   523 | D:1      | Reached XP level 3. HP: 23/23 MP: 3/3
   604 | D:1      | Reached ** piety under Trog
   925 | D:2      | Found the +7 Throatcutter {drain, coup de grace}
  1043 | D:2      | Reached skill level 1 in Long Blades
  1044 | D:2      | Reached XP level 4. HP: 28/28 MP: 4/4
  1052 | D:2      | Reached skill level 2 in Long Blades
  1674 | D:3      | Noticed Jessica
  1681 | D:3      | Killed Jessica
  1682 | D:3      | Reached XP level 5. HP: 30/32 MP: 5/5
  1821 | D:3      | Identified the +8 dagger of Arijem {venom, *Slow rElec
                  | rPois MP+9}
  1858 | D:3      | Reached skill level 3 in Long Blades
  2014 | D:3      | Found Bokh's Antique Weapon Shoppe.
  2023 | D:3      | Found a hide-covered altar of Uskayaw.
  2313 | D:4      | Reached *** piety under Trog
  2460 | D:4      | Reached skill level 4 in Long Blades
  2460 | D:4      | Reached XP level 6. HP: 35/37 MP: 6/6
  2833 | D:4      | Reached skill level 5 in Long Blades
  3009 | D:4      | Noticed Pikel
  3015 | D:4      | Reached XP level 7. HP: 37/41 MP: 7/7
  3031 | D:4      | Killed Pikel
  3032 | D:4      | Reached skill level 7 in Long Blades
  3032 | D:4      | Reached XP level 8. HP: 13/46 MP: 8/8
  3171 | D:4      | Noticed Natasha
  3176 | D:4      | Killed Natasha
  3259 | D:5      | Entered Level 5 of the Dungeon
  3305 | D:5      | Reached skill level 8 in Long Blades
  3325 | D:5      | Noticed Edmund
  3344 | D:5      | Killed Edmund
  3698 | D:5      | Reached skill level 9 in Long Blades
  3722 | D:5      | Reached **** piety under Trog
  3723 | D:5      | Reached XP level 9. HP: 44/51 MP: 9/9
  3760 | D:5      | Reached skill level 10 in Long Blades
  4059 | D:5      | Noticed a hornet
  4061 | D:5      | Noticed a troll
  4071 | D:5      | Killed a hornet
  4072 | D:5      | Reached skill level 11 in Long Blades
  4080 | D:5      | Killed a troll
  4281 | D:5      | Found Jazoexut's Assorted Antiques.
  4474 | D:6      | Noticed Sigmund
  4479 | D:6      | Killed Sigmund
  4495 | D:6      | Reached skill level 12 in Long Blades
  4503 | D:6      | Reached XP level 10. HP: 39/56 MP: 10/10
  4663 | D:6      | Noticed Grinder
  4665 | D:6      | Paralysed by Grinder for 4 turns
  4678 | D:6      | Killed Grinder
  4736 | D:6      | Found Ubeheeq's Weapon Shoppe.
  4880 | D:6      | Identified the +4 ring mail of Ladyfra {rElec Int-3 Slay+2}
  4945 | D:6      | Noticed Blork the orc
  4953 | D:6      | Killed Blork the orc
  5359 | D:7      | Noticed Maggie
  5371 | D:7      | Killed Maggie
  5372 | D:7      | Reached skill level 13 in Long Blades
  5496 | D:7      | Found a staircase to the Ecumenical Temple.
  5578 | D:7      | Noticed Prince Ribbit
  5581 | D:7      | Killed Prince Ribbit
  5581 | D:7      | Reached ***** piety under Trog
  6533 | D:8      | Noticed UltraNumeron's ghost (novice MiFi)
  6538 | D:8      | Found a runed translucent door.
  6548 | D:8      | Received a gift from Trog
  6559 | D:8      | Identified the +1 leather armour "Utoevij" {Dex+3 Stlth+}
  7385 | D:9      | Reached skill level 5 in Fighting
  7385 | D:9      | Reached XP level 11. HP: 53/63 MP: 9/11
  7604 | D:9      | Reached skill level 14 in Long Blades
  7606 | D:9      | Reached skill level 5 in Armour
  7880 | D:10     | Entered Level 10 of the Dungeon
  8442 | D:10     | Found a staircase to the Lair.
  8452 | D:10     | Received a gift from Trog
  8479 | D:10     | Found Meanieqe's Book Emporium.
  8827 | D:10     | Found a staircase to the Orcish Mines.
  8892 | Lair:1   | Entered Level 1 of the Lair of Beasts
  8907 | Lair:1   | Noticed Gastronok
  8930 | Lair:1   | Killed Gastronok
  9096 | Lair:1   | Reached XP level 12. HP: 42/75 MP: 12/12
  9290 | Lair:1   | Noticed Amaemon
  9304 | Lair:1   | Killed Amaemon
  9431 | Lair:1   | Noticed Sonja
  9451 | Abyss:1  | Cast into level 1 of the Abyss (Sonja)
  9489 | Abyss:1  | Noticed a thrashing horror
  9507 | Abyss:1  | Killed a thrashing horror
  9582 | Abyss:1  | Paralysed by an air elemental for 1 turns
  9655 | Abyss:1  | Reached skill level 10 in Fighting
  9673 | Abyss:1  | Noticed a thrashing horror
  9695 | Abyss:1  | Killed a thrashing horror
  9758 | Abyss:1  | Reached skill level 10 in Armour
  9782 | Abyss:1  | Found a corrupted altar of Lugonu.
  9786 | Lair:1   | Escaped the Abyss
  9803 | Lair:1   | Killed Sonja
  9993 | Lair:1   | Found a broken altar of Ashenzari.
 10228 | Lair:1   | Upgraded the game from 0.30-a0-920-g7493c07aab to
                  | 0.30-a0-924-g0ad0bf95bc
 10373 | Lair:2   | Noticed a five-headed hydra
 10794 | Lair:2   | Noticed a thrashing horror
 10805 | Lair:2   | Found a transporter.
 10909 | Lair:2   | Found a transporter.
 10992 | Lair:2   | Identified a scroll of acquirement
 10992 | Lair:2   | Acquired a +6 heavy triple sword
 11122 | Lair:2   | Noticed x1te's ghost (journeyman MiFi)
 11555 | Lair:2   | Found a staircase to the Snake Pit.
 11846 | Lair:3   | Noticed a skyshark
 11867 | Lair:2   | Killed a skyshark
 11868 | Lair:2   | Reached XP level 13. HP: 81/85 MP: 13/13
 12144 | Lair:3   | Found a staircase to the Shoals.
 12237 | Lair:3   | Received a gift from Trog
 13293 | Lair:4   | Identified the +3 plate armour of Fabulous Wonder {Will+++
                  | Regen+ Dex-4}
 13406 | Lair:4   | You fall into a shaft and drop 1 floor!
 13406 | Lair:5   | Entered Level 5 of the Lair of Beasts
 13712 | Lair:4   | Gained mutation: Your large and strong wings let you fly.
                  | [Gargoyle growth]
 13712 | Lair:4   | Reached XP level 14. HP: 72/95 MP: 14/14
 14410 | Lair:5   | Received a gift from Trog
 14410 | Lair:5   | Found the +11 plutonium sword {Contam Stlth-}
 14440 | Lair:5   | Reached skill level 15 in Long Blades
 14976 | Lair:5   | Reached skill level 16 in Long Blades
 14994 | Lair:5   | a death yak changed into an emperor scorpion
 14994 | Lair:5   | Noticed an emperor scorpion
 15006 | Lair:5   | Killed an emperor scorpion
 15523 | Lair:5   | Found a staircase to the Slime Pits.
 15806 | Lair:5   | Identified the staff of death "Wyqidupne" {rN+ Str+2}
 16012 | D:11     | Noticed Erica
 16017 | D:11     | Killed Erica
 16072 | D:11     | Found a broken altar of Ashenzari.
 16630 | D:12     | Received a gift from Trog
 16631 | D:12     | Reached skill level 17 in Long Blades
 16817 | D:12     | Noticed Kirke
 16825 | D:12     | Reached XP level 15. HP: 95/100 MP: 15/15
 16825 | D:12     | Noticed a sphinx
 16830 | D:12     | Killed Kirke
 16838 | D:12     | Identified the +4 ring mail "Estriadd" {Fly rElec rF+
                  | Will+}
 16990 | D:12     | Found Nipn's Weapon Emporium.
 17017 | D:12     | You are sucked into a shaft and drop 1 floor!
 17044 | D:13     | Found a frozen archway.
 17056 | IceCv    | Entered an ice cave
 18041 | D:13     | Reached skill level 18 in Long Blades
 18373 | D:13     | Reached ****** piety under Trog
 18908 | Orc:1    | Entered Level 1 of the Orcish Mines
 19000 | Orc:1    | Found a runed translucent door.
 19000 | Orc:1    | Noticed Twiddyhohoho's ghost (journeyman TrMo)
 19117 | Orc:1    | Killed Twiddyhohoho's ghost
 19269 | Orc:2    | Entered Level 2 of the Orcish Mines
 19269 | Orc:2    | Found Muet Ciu's General Store.
 19290 | Orc:1    | Reached skill level 15 in Fighting
 19360 | Orc:2    | Noticed an orc warlord
 19401 | Orc:1    | Killed an orc warlord
 19661 | Orc:2    | Received a gift from Trog
 19678 | Orc:2    | Paralysed by an orc sorcerer for 5 turns
 19700 | Orc:2    | Slain by an orc knight

Skill      XL: |  1  2  3  4  5  6  7  8  9 10 11 12 13 14 15 |
---------------+----------------------------------------------+-----
Polearms       | 3 4 |  4.0
Long Blades    | 1 2 4 5 7 9 12 13 14 17 18 | 18.5
Armour         | 4 8 11 13 14 | 14.9
Fighting       | 5 8 11 13 14 15 | 15.1
Dodging        | |  1.5

Action                     |  1- 3 |  4- 6 |  7- 9 | 10-12 | 13-15 || total
---------------------------+-------+-------+-------+-------+-------++-------
  Melee: Spear             |   120 |       |       |       |       ||   120
         Long sword        |    13 |   101 |   197 |   685 |   343 ||  1339
         Punch             |       |       |     1 |    10 |     4 ||    15
         Glaive            |       |       |       |     7 |       ||     7
         Triple sword      |       |       |       |       |   752 ||   752
 Invoke: Berserk           |       |     1 |     1 |     5 |     5 ||    12
         Trog's Hand       |       |       |     1 |       |     3 ||     4
         Brothers in Arms  |       |       |       |       |     1 ||     1
  Evoke: Wand              |       |       |       |       |     5 ||     5
    Use: Scroll            |       |     9 |     3 |     8 |    11 ||    31
         Potion            |       |       |       |     1 |     3 ||     4
   Stab: Sleeping          |     2 |       |       |       |       ||     2
         Petrified         |       |       |       |       |    11 ||    11
         Petrifying        |       |       |       |       |     2 ||     2
 Armour: Animal skin       |    41 |    15 |       |       |       ||    56
         Scale mail        |       |    37 |   110 |    21 |       ||   168
         Swamp dragon scal |       |       |       |   448 |   476 ||   924
         Plate armour      |       |       |       |       |   592 ||   592
         Skin              |       |       |       |       |     3 ||     3
  Dodge: Dodged            |    83 |    66 |    98 |   347 |   549 ||  1143

Levels and vault maps discovered:
D:1:      roderic_lyre, layout_rooms, minmay_tetromino_i2
D:2:      layout_loops_ring
D:3:      layout_loops_ring, eat_drink_and_be_merry_uskayaw, serial_shops, shop,
          st_stairs_13, kennysheep_potato, uniq_jessica
D:4:      layout_basic, uniq_natasha, uniq_pikel
D:5:      kennysheep_windowed_halls, layout_cave_pods, serial_shops, shop,
          uniq_edmund
D:6:      layout_cave_pools, serial_shops, nicolae_shop_advertising_works
          [nicolae_subvault_shop_adworks], gup_sewer_entry_bubbles,
          minmay_starry_boxes, uniq_grinder, uniq_sigmund, uniq_blork_the_orc
D:7:      layout_loops_corners, temple_pool_b, serial_undead, serial_undead_e,
          serial_undead_b, serial_undead_d, serial_undead_c, minmay_microvault,
          uniq_maggie, uniq_prince_ribbit1
D:8:      layout_loops_ring, hellmonk_ghost_big_iron
D:9:      layout_rooms
D:10:     layout_big_octagon, lair_entry_dummy, david_orc_4, serial_shops, shop
D:11:     layout_roguey, evilmike_ruin_ashenzari, uniq_erica
D:12:     layout_roguey, serial_shops, kennysheep_mini, uniq_kirke
D:13:     hangedman_cross_cluster, layout_rooms, portal_ice_cave_rime
Lair:1:   layout_hall_layers, basic_altar, uniq_amaemon, uniq_sonja,
          uniq_gastronok
Lair:2:   statuecave_lemuel, layout_cellular_growth, nicolae_snake_entry_squirm,
          gammafunk_ghost_abyssal_escape
Lair:3:   beargit_carnivore_pack, layout_cave_pods, elwin_shoals_entry_rocks,
          nicolae_lair_grazing_beasts [nicolae_sub_lair_graze_edge,
          nicolae_sub_lair_graze_edge, nicolae_sub_lair_graze_edge,
          nicolae_sub_lair_graze_edge]
Lair:4:   layout_roguey
Lair:5:   grunt_lair_end_beastmaster, layout_big_grid,
          nicolae_slime_entry_slimehenge, eino_small_chamber_without_monster
Orc:1:    layout_caves, basic_altar, gammafunk_ghost_grave, minmay_orc_barracks
Orc:2:    grunt_orc_gardens, layout_caves, grunt_orc_garden, grunt_orc_garden,
          grunt_orc_garden, grunt_orc_garden
